 Dungeon Crawl Stone Soup version 0.27.1-33-g824d729ab1 (webtiles) character file.

Game seed: 12692635174169789646

16 SensoryNuts the Skirmisher (level 2, -1/26 HPs)
             Began as a Draconian Monk on Dec 10, 2021.
             Was a Priest of Yredelemnul.
             Slain by Sigmund (9 damage)
             ... on level 2 of the Dungeon.
             The game lasted 00:01:06 (770 turns).

SensoryNuts the Skirmisher (Draconian Monk)          Turns: 770, Time: 00:01:06

Health: -1/26      AC:  4    Str: 13    XL:     2   Next: 37%
Magic:  2/2        EV: 12    Int: 10    God:    Yredelemnul [***...]
Gold:   42         SH:  0    Dex: 13    Spells: 1/1 levels left

rFire    . . .     SeeInvis .   d - +1 short sword (drain)
rCold    . . .     Faith    .   (no shield)
rNeg     . . .     Spirit   .   (armour unavailable)
rPois    .         Reflect  .   (helmet restricted)
rElec    .         Harm     .   (no cloak)
rCorr    .         Rampage  .   (no gloves)
Will     .....                  (no boots)
Stlth    ++........             (no amulet)
HPRegen  0.08/turn              (no ring)
MPRegen  0.08/turn              (no ring)

@: no status effects
A: AC +4, unfitting armour, cold-blooded
a: Renounce Religion, Recall Undead Slaves, Injury Mirror, Animate Dead


You were on level 2 of the Dungeon.
You worshipped Yredelemnul.
Yredelemnul was most pleased with you.
You visited 1 branch of the dungeon, and saw 2 of its levels.

You collected 42 gold pieces.

Inventory:

Hand Weapons
 a - a +0 falchion
 d - a +1 short sword of draining (weapon)
Scrolls
 b - a scroll of summoning {unknown}
 c - a scroll of identify {unknown}
Potions
 e - a potion of lignification {unknown}
 f - a potion of magic {unknown}
 g - a potion of curing {unknown}
 h - a potion of berserk rage {unknown}


   Skills:
 + Level 3.5 Fighting
 + Level 3.2 Long Blades
 + Level 3.0 Dodging
 + Level 1.9 Stealth


You had one spell level left.
You didn't know any spells.
Your spell library was empty.

Dungeon Overview and Level Annotations

Branches:
Dungeon (2/15)

Altars:
Yredelemnul

Annotations:
D:2 Sigmund


Innate Abilities, Weirdness & Mutations

Your plain brown scales are hard. (AC +4)
You cannot fit into any form of body armour.
You are cold-blooded and may be slowed by cold attacks.


Message History

No target in view!
No target in view!
Done exploring.
Done exploring.
Done exploring.
There is an escape hatch in the floor here.
You see here 13 stones.
You open the door.
There is an open door here.
There is a stone staircase leading down here.
You climb downwards.
There is a stone staircase leading up here.
You completely miss the rat. The rat bites you but does no damage.
You hit the rat. You drain the rat.
You kill the rat!
Yredelemnul accepts your kill.
You can now animate legions of the dead.
Yredelemnul will now gift you servants as you gain piety.
Sigmund shouts!
Sigmund hits you from afar with a +0 scythe!
You hit Sigmund but do no damage. You drain Sigmund.
Sigmund is lightly wounded.
Sigmund mumbles some strange words.
Sigmund flickers and vanishes!
Deactivating autopickup; reactivate with Ctrl-A.
A rat comes into view.
You closely miss something. Something barely misses you.
You miss something.
Your tail-slap misses something.
Something hits you.
You barely miss something. You hit something but do no damage.
You hear some strange, mumbled words.
Something tries to affect you, but you resist.
Unknown command.
You hit something. Something hits you.
You miss something. Something barely misses you.
You closely miss something.
Your tail-slap misses something.
You barely miss something. Something hits you!
You hit something. Something hits you!
You die...
Your body rises from the dead as a mindless zombie.

#..
#.#
#.#
#.#
#.#
#.#
#.#
#<#
#@#
#{#
.r#
####


You could see a rat.

Vanquished Creatures
  4 ball pythons (D:1)
  An endoplasm (D:1)
  2 goblins (D:1)
  3 hobgoblins (D:1)
  3 frilled lizards (D:1)
  A kobold (D:1)
  3 rats
17 creatures vanquished.

Notes
Turn   | Place    | Note
-------+----------+-------------------------------------------
     0 | D:1      | SensoryNuts the Draconian Monk began the quest for the Orb.
     0 | D:1      | Reached XP level 1. HP: 19/19 MP: 1/1
   144 | D:1      | Found a faded altar of an unknown god.
   171 | D:1      | Became a worshipper of Yredelemnul the Dark
   171 | D:1      | Reached * piety under Yredelemnul
   171 | D:1      | Reached ** piety under Yredelemnul
   250 | D:1      | Reached XP level 2. HP: 23/26 MP: 2/2
   757 | D:2      | Noticed Sigmund
   759 | D:2      | Reached *** piety under Yredelemnul
   770 | D:2      | Slain by Sigmund

Illustrated notes

Levels and vault maps discovered:
D:1:      dpeg_arrival_snail, layout_basic, dreamdust_ecumenical_altar_statues,
          minivault_11, amcnicky_mini_rare_corridor_liquid
D:2:      layout_loops_ring, serial_bayou_pond_e, uniq_sigmund

Skill      XL: |  1  2 |
---------------+-------+-----
Dodging        | 3 |  3.0
Fighting       | |  3.5
Long Blades    | |  3.2
Stealth        | |  1.9

Action                   || total
-------------------------++-------
Melee: Falchion          ||    12
       Short sword       ||    35
       Tailslap          ||     4
 Stab: Sleeping          ||     3
Armor: Skin              ||     8
Dodge: Dodged            ||    24
       Rpst.: Falchion   ||     1
